 Dungeon Crawl Stone Soup version 0.19.1 (webtiles) character file.

124 JeffiDaFish the Shield-Bearer (level 5, -1/33 HPs)
             Began as a Gargoyle Fighter on Dec 2, 2016.
             Slain by Grinder (3 damage)
             ... on level 4 of the Dungeon.
             The game lasted 00:03:51 (2010 turns).

JeffiDaFish the Shield-Bearer (Gargoyle Fighter)    Turns: 2010, Time: 00:03:52

Health: -1/33      AC: 15    Str: 25    XL:     5   Next: 8%
Magic:  5/5        EV:  6    Int:  8    God:
Gold:   139        SH: 10    Dex: 10    Spells: 0 memorised, 4 levels left

rFire  . . .     SeeInvis .     a - +1 flail
rCold  . . .     Gourm    .     o - +0 chain mail
rNeg   + . .     Faith    .     c - +0 shield
rPois  ∞         Spirit   .     (no helmet)
rElec  +         Reflect  .     l - +1 cloak
rCorr  .         Harm     .     (no gloves)
MR     .....                    (no boots)
Stlth  ..........               (no amulet)
                                (no ring)
                                g - ring of wizardry

@: mighty
A: negative energy resistance 1, electricity resistance, unbreathing,
petrification resistance, rot immunity, AC +4
a: no special abilities


You were on level 4 of the Dungeon.
You were not hungry.

You visited 1 branch of the dungeon, and saw 4 of its levels.

You collected 139 gold pieces.

Inventory:

Hand Weapons
 a - a +1 flail (weapon)
Armour
 c - a +0 shield (worn)
 l - a +1 cloak (worn)
 o - a +0 chain mail (worn)
Jewellery
 g - a ring of wizardry (left hand)
Wands
 p - a wand of lightning (8/15)
Scrolls
 b - a scroll of fear
 h - 3 scrolls of magic mapping
 m - 3 scrolls of identify
 n - a scroll of teleportation
 q - a scroll of blinking
Potions
 d - a potion of might
 e - a potion of magic
Comestibles
 f - 3 bread rations
 i - 11 fruits
 j - 4 chunks of flesh
 k - a slice of pizza
 r - a beef jerky


   Skills:
 + Level 3.7 Fighting
 + Level 3.4 Maces & Flails
 + Level 3.9 Armour
 + Level 0.8 Dodging
 + Level 4.1 Shields


You had 4 spell levels left.
You didn't know any spells.

Dungeon Overview and Level Annotations

Branches:
Dungeon (4/15)
 Temple: D:4-7

Altars:

Annotations:
D:4 Grinder, Natasha


Innate Abilities, Weirdness & Mutations

You are resistant to torment.
Your stone body is resilient. (AC +4)
You are immune to poison.
You resist negative energy. (rN+)
You are resistant to electric shocks. (rElec)
You can survive without breathing.
You are immune to petrification.
You are immune to rotting.


Message History

You closely miss Grinder. Grinder gestures at you.
You suddenly lose the ability to move!
Natasha casts a spell at you. The magic dart hits you!
Grinder hits you but does no damage. Grinder hits you but does no damage.
Natasha claws you but does no damage. Grinder hits you.
You writhe in agony.
You can move again.
You feel very mighty all of a sudden. You block Natasha's attack.
Grinder hits you.
Your shield prevents you from hitting Grinder.
Natasha claws you but does no damage. Grinder hits you.
* * * LOW HITPOINT WARNING * * *
You writhe in agony.
* * * LOW HITPOINT WARNING * * *
You block Natasha's attack.
You closely miss Natasha. Grinder hits you.
* * * LOW HITPOINT WARNING * * *
You writhe in agony.
You die...

..### #....# #.#
..#.. #.# ....# #.#
#... #.########.
#.. #.#<.......
#.h##.#........
#####.@5.#........
........[..#####...
..........## .#
........### #
........# ........#
.###....# #....#
#..<.


You could see Grinder and Natasha.

Vanquished Creatures
  6 adders
  An ooze (D:4)
  An adder skeleton (D:4)
  2 worms (D:2)
  4 dart slugs
  4 leopard geckos
  2 orcs (D:3)
  A giant cockroach (D:1)
  2 goblins
  5 hobgoblins
  5 kobolds
  A quokka (D:3)
  2 ball pythons
  6 bats
  A frilled lizard (D:3)
  5 rats
48 creatures vanquished.

Notes
Turn   | Place    | Note
-------+----------+-------------------------------------------
     0 | D:1      | JeffiDaFish the Gargoyle Fighter began the quest for the Orb.
     0 | D:1      | Reached XP level 1. HP: 14/14 MP: 1/1
   250 | D:1      | Reached XP level 2. HP: 19/19 MP: 2/2
   857 | D:2      | Found a faded altar of an unknown god.
   892 | D:2      | Reached XP level 3. HP: 23/23 MP: 3/3
  1092 | D:2      | Reached XP level 4. HP: 26/29 MP: 4/4
  1126 | D:2      | Reached skill level 4 in Shields
  1849 | D:3      | Reached XP level 5. HP: 33/33 MP: 5/5
  1989 | D:4      | Noticed Grinder
  2001 | D:4      | Noticed Natasha
  2004 | D:4      | Paralysed by Grinder for 4 turns
  2010 | D:4      | Slain by Grinder

Skill      XL: |  1  2  3  4 |
---------------+-------------+-----
Shields        | 4 |  4.1
Maces & Flails | 3 |  3.4
Fighting       | |  3.7
Armour         | |  3.9
Dodging        | |  0.8

Action                   |  1- 3 |  4- 6 || total
-------------------------+-------+-------++-------
Melee: Flail             |   112 |    92 ||   204
  Use: Scroll            |     9 |     4 ||    13
       Potion            |     3 |     1 ||     4
  Eat: Chunk             |     1 |     3 ||     4
Armor: Scale mail        |    69 |    12 ||    81
       Chain mail        |       |    48 ||    48
Dodge: Dodged            |    38 |    21 ||    59
Block: Shield            |    47 |    53 ||   100
